 Dungeon Crawl Stone Soup version 0.20.0-10-g0535bb4 (webtiles) character file.

76223 Zwobot the Black Belt (level 15, -7/172 HPs)
             Began as a Demonspawn Wanderer on June 4, 2017.
             Was the Champion of Dithmenos.
             Mangled by Donald
             ... wielding a +6 war axe of electrocution
              (17 damage)
             ... on level 2 of the Spider Nest.
             The game lasted 01:35:41 (27728 turns).

Zwobot the Black Belt (Demonspawn Wanderer)        Turns: 27728, Time: 01:35:41

Health: -7/172     AC: 30    Str: 11    XL:     15   Next: 11%
Magic:  21/21      EV:  2    Int: 15    God:    Dithmenos [******]
Gold:   427        SH:  6    Dex: 19    Spells: 7/22 levels left

rFire    . . .     SeeInvis .     - Unarmed
rCold    . . .     Gourm    .   k - +0 buckler {AC+3}
rNeg     + + +     Faith    +   (armour currently unavailable)
rPois    +         Spirit   .   (helmet currently unavailable)
rElec    .         Reflect  .   (cloak currently unavailable)
rCorr    .         Harm     .   (gloves currently unavailable)
MR       +....     NoTele   +   (boots currently unavailable)
Stlth    +++.......             l - amulet of faith
Regen    0.4/turn               o - ring of positive energy
MPRegen  0.2/turn               P - ring of poison resistance

@: tree-form, very slightly contaminated, wreathed by umbra, invisible, very
slow
A: demonic guardian 1, powered by death 2, flame cloud immunity
a: Shadow Step, Shadow Form, Renounce Religion


You were on level 2 of the Spider Nest.
You worshipped Dithmenos.
Dithmenos was exalted by your worship.
You were hungry.
You were a tree.
You visited 5 branches of the dungeon, and saw 22 of its levels.
You also visited: Ossuary and Ice Cave.

You collected 2181 gold pieces.
You spent 1754 gold pieces at shops.

Inventory:

Hand Weapons
 e - a +0 dagger
 S - a +1 hand crossbow
Missiles
 h - 631 stones (quivered)
 j - 83 bolts
 p - 2 throwing nets
 x - 7 javelins of penetration
Armour
 g - a +0 pair of boots (melded)
 k - a +0 buckler of protection (worn)
 r - a +2 pair of gloves (melded)
 s - a +0 helmet (melded)
 M - +5 steam dragon scales (melded)
 N - the +2 cloak of the Manifold Coins {Str+6}
   (You found it on level 9 of the Dungeon)

   It affects your strength (+6).
 V - the scarf of Watchfulness (melded) {rF+ Slay+3}
   (You acquired it on level 2 of the Lair of Beasts)

   It affects your accuracy and damage with ranged weapons and melee attacks
   (+3).
   It protects you from fire.
 X - quicksilver dragon scales
Jewellery
 d - an uncursed ring of see invisible
 l - an amulet of faith (around neck)
 o - a ring of positive energy (left branch)
 P - a ring of poison resistance (right branch)
 R - a +4 ring of dexterity
Wands
 n - a wand of enslavement (0/24)
 J - a wand of lightning (8/15)
 O - a wand of iceblast (7/15)
 Z - a wand of lightning (4/15)
Scrolls
 b - 15 scrolls of teleportation
 t - 2 scrolls of enchant weapon
 w - 2 scrolls of magic mapping
 y - 2 scrolls of remove curse
 E - 2 scrolls of fog
 H - 3 scrolls of blinking
 L - a scroll of fear
 Q - a scroll of silence {unknown}
 T - a scroll of recharging {unknown}
Potions
 c - 10 potions of curing
 q - 5 potions of mutation
 u - 3 potions of haste
 v - 6 potions of brilliance
 A - 3 potions of cancellation
 B - 2 potions of heal wounds
 C - 2 potions of magic
 D - 5 potions of might
 G - a potion of ambrosia
 U - 2 potions of lignification
 W - a potion of resistance
Books
 K - a book of Death

   Spells                             Type                      Level
   a - Corpse Rot                     Necromancy                   2
   b - Sublimation of Blood           Necromancy                   2
   c - Agony                          Necromancy                   5
   d - Dispel Undead                  Necromancy                   5
   e - Excruciating Wounds            Charms/Necromancy            5
   f - Bolt of Draining               Conjuration/Necromancy       5
Miscellaneous
 a - a phial of floods (inert)
 I - a sack of spiders
Comestibles
 f - 6 bread rations
 i - 14 royal jellies
 m - a chunk of flesh
 F - 10 meat rations


   Skills:
 + Level 9.9 Fighting
   Level 1.7 Maces & Flails
 - Level 4.0 Armour
 - Level 8.5 Dodging
 - Level 4.1 Shields
 * Level 17.2 Unarmed Combat
 - Level 4.0 Spellcasting
 * Level 4.3 Hexes
 - Level 6.1 Charms
 - Level 6.6 Necromancy
 - Level 3.2 Translocations
 - Level 2.0 Evocations


You had 7 spell levels left.
You knew the following spells:

 Your Spells              Type           Power        Failure   Level  Hunger
a - Blink                 Tloc           N/A          8%          2    ##.....
b - Confuse               Hex            ###.....     9%          3    ###....
c - Regeneration          Chrm/Necr      ###.......   3%          3    ###....
d - Tukima's Dance        Hex            ###.....     9%          3    ###....
e - Animate Dead          Necr           N/A          12%         4    ####...


Dungeon Overview and Level Annotations

Branches:
Dungeon (11/15)            Temple (1/1) D:4            Lair (6/6) D:8
 Shoals (0/4) Lair:2       Spider (2/4) Lair:2        Slime (0/5) Lair:6
    Orc (2/2) D:10            Elf (0/3) Orc:2

Altars:
Ashenzari
Cheibriados
Dithmenos
Elyvilon
Fedhas
Gozag
Hepliaklqana
Kikubaaqudgha
Makhleb
Nemelex Xobeh
Okawaru
Qazlal
Ru
Sif Muna
Trog
Uskayaw
Vehumet
Xom
Yredelemnul
Zin
The Shining One

Shops:
D:10 !   Orc:1 !   Orc:2 :*[(

Annotations:
D:9 exclusion: 2 two-headed ogres
Lair:6 exclusion: oklob plant
Spider:1 Louise
Spider:2 Donald


Innate Abilities, Weirdness & Mutations

((You have hoof-like feet.))
A weak demonic guardian rushes to your aid.
((Your flesh is heat resistant. (rF+)))
You regenerate health from kills.
You are immune to clouds of flame.
((When seriously injured, your bleeding wounds create thick armour. (AC +0)))


Message History

Evoke which item? (* to show all) (? for menu, Esc to quit)
Aim the phial where?
Press: ? - help, Shift-Dir - straight line, f - Donald
Aim: Donald, wielding a war axe of electrocution, wearing a runed chain mail and wearing a transparent shield (black smoke, severely wounded, fast, unusually strong, umbra) Donald blocks the torrent of water.
The wave splashes down.
Splash!
You fall into the shallow water.
Moving in this stuff is going to be slow. ...and don't expect to remain undetected.
The water rises up and takes form.
You hear an angry hiss. x2; You hear an angry buzzing noise.
You hear an angry hiss. x3; You hear a bark!
Donald holds up a torch and says, "I bet you miss these."
Donald hits you with a war axe of electrocution.
* * * LOW HITPOINT WARNING * * *
You are electrocuted!
* * * LOW HITPOINT WARNING * * *
Donald says, "I hate getting stuck."
Donald hits you with a war axe of electrocution!
You die...

##..# #..## ###
#...#
#..#####..#≈#
##?^#.#....≈≈#
#...≈§...##≈≈#
#.....#≈§§#.^####
#.... #s@§#####≈#
..#. #§#♣E##...#
# # ##.##§§#..##
# #...≈§§....# ≈#
...#####..###≈≈#
#.. #....<..# #.#
#..#......# ##
####..##...# ##..
#≈≈# ...≈ ##


You could see an emperor scorpion, Donald and a friendly water elemental.

Vanquished Creatures
  An orc warlord (Orc:1)
  Aizul (Spider:2)
  An entropy weaver (Spider:1)
  Nessos (Lair:5)
  Josephine (Spider:1)
  7 hydras
  A catoblepas (Lair:2)
  Erica (Lair:2)
  3 orc high priests
  An unseen horror (D:11)
  4 orc knights
  Pikel (D:7)
  A deep elf mage (Orc:2)
  2 orb spiders (Spider:1)
  5 orc sorcerers
  3 wolf spiders (Spider:1)
  2 ugly things (IceCv)
  2 ice statues (IceCv)
  2 elephants (Lair:4)
  4 black mambas
  The ghost of Gravenous the Chopper, a novice HOMo (D:5)
  21 spiny frogs
  A torpor snail (Spider:1)
  2 demonic crawlers (Spider:1)
  2 rime drakes
  8 komodo dragons
  4 polar bears (Lair:6)
  5 trolls
  A merfolk (Lair:2)
  3 meliai (Lair:4)
  A queen bee (Lair:4)
  12 blink frogs
  6 jumping spiders (Spider:1)
  4 hornets (Lair:6)
  6 dream sheep (Lair:6)
  10 hippogriffs
  14 spriggans
  2 humans (D:7)
  14 redbacks
  11 tarantellas (Spider:1)
  4 wraiths (Spider:1)
  8 wyverns
  43 yaks
  A steam dragon (D:8)
  4 basilisks
  3 wargs
  17 water moccasins
  9 porcupines
  29 orc warriors
  7 ice beasts
  2 black bears
  A slave (D:7)
  2 sky beasts
  An eye of draining (D:11)
  A phantom (D:11)
  4 ogres
  A necrophage (D:8)
  23 wolves
  4 boggarts (Lair:6)
  7 crocodiles
  4 centaurs
  6 bullfrogs
  A water moccasin skeleton (D:8)
  48 killer bees
  5 wights (D:9)
  4 howler monkeys
  4 crimson imps
  A bullfrog zombie (D:8)
  2 hounds (D:6)
  4 jellies
  20 orc priests
  25 orc wizards
  2 bullfrog skeletons
  4 centaur skeletons
  7 worker ants
  4 iguanas
  Natasha (twice) (D:2)
  A hell rat (Lair:4)
  A killer bee zombie (D:7)
  A big kobold zombie (Ossuary)
  8 mummies (Ossuary)
  A howler monkey zombie (D:11)
  15 adders
  6 gnolls
  3 shadow imps
  2 oozes
  3 worms
  2 dart slugs
  5 leopard geckos
  72 orcs
  5 ball pythons
  4 bats
  10 giant cockroaches
  A gnoll zombie (Ossuary)
  10 hobgoblins
  3 jackals (D:9)
  7 quokkas
  4 frilled lizards
  11 goblins
  A hobgoblin zombie (Ossuary)
  A jackal skeleton (D:5)
  A jackal zombie (D:5)
  6 kobolds
  2 kobold zombies (Ossuary)
  An orc zombie (Ossuary)
  2 quokka zombies (D:6)
  11 rats
686 creatures vanquished.

Vanquished Creatures (collateral kills)
  An entropy weaver (Spider:1)
  2 hydras
  A catoblepas (Lair:6)
  2 two-headed ogres (D:8)
  A wolf spider (Spider:1)
  The ghost of Hasart the Frost Mage, a novice BaIE of Cheibriados (D:6)
  A spiny frog (Lair:4)
  A centaur skeleton (D:11)
  A rime drake (Lair:4)
  3 demonic crawlers (Spider:1)
  2 jumping spiders (Spider:1)
  A queen bee (D:8)
  A hornet (Lair:6)
  A dream sheep (Lair:6)
  2 tarantellas (Spider:1)
  2 redbacks (Spider:1)
  2 yaks
  The ghost of Vajrapani the Sneak, an amateur DEAs of Yredelemnul (D:4)
  An ice beast (D:6)
  A slave (D:7)
  A black bear (D:8)
  An ogre (D:6)
  A wolf (Lair:6)
  A centaur (D:6)
  2 crocodiles
  A bullfrog (Lair:1)
  2 killer bees (Lair:4)
  A howler monkey (D:7)
  A crimson imp (D:8)
  A hound (D:4)
  An orc priest (D:5)
  A gnoll shaman (D:5)
  Jessica (D:2)
  An iguana (D:4)
  Natasha (D:2)
  An orc wizard (D:5)
  A worker ant zombie (D:8)
  An adder (D:4)
  A leopard gecko (D:8)
  4 orcs
  A goblin (D:2)
  A hobgoblin (D:2)
  A hobgoblin zombie (Ossuary)
  A kobold zombie (Ossuary)
57 creatures vanquished.

Vanquished Creatures (others)
  2 slaves (D:7)
  A killer bee (Lair:4)
  13 fungi
  5 plants (Lair:6)
21 creatures vanquished.

Grand Total: 764 creatures vanquished

Notes
Turn   | Place    | Note
-------+----------+-------------------------------------------
     0 | D:1      | Zwobot the Demonspawn Wanderer began the quest for the Orb.
     0 | D:1      | Zwobot set off with: a phial of floods, a scroll of teleportation, a potion of curing, a +0 robe, a +0 dagger, a bread ration
     0 | D:1      | Reached XP level 1. HP: 16/16 MP: 2/2
   478 | D:1      | Gained mutation: A weak demonic guardian rushes to your aid. [demonic ancestry]
   478 | D:1      | Reached XP level 2. HP: 21/22 MP: 3/3
   484 | D:1      | Reached skill level 2 in Unarmed Combat
  1343 | D:2      | Reached XP level 3. HP: 24/27 MP: 4/4
  1349 | D:2      | Noticed Jessica
  1373 | D:2      | Killed Jessica
  1373 | D:2      | Reached skill level 3 in Unarmed Combat
  1688 | D:2      | Found a glowing golden altar of the Shining One.
  1689 | D:2      | Found a glowing silver altar of Zin.
  1690 | D:2      | Found a white marble altar of Elyvilon.
  2266 | D:2      | Gained mutation: You have large cloven feet. [demonic ancestry]
  2266 | D:2      | Reached XP level 4. HP: 23/33 MP: 5/5
  2379 | D:2      | Noticed Natasha
  2388 | D:2      | Killed Natasha
  2726 | D:2      | Noticed Natasha
  2737 | D:2      | Killed Natasha
  2737 | D:2      | Reached skill level 4 in Unarmed Combat
  2748 | D:2      | Noticed Natasha
  2767 | D:2      | Killed Natasha
  3204 | D:3      | Gained mutation: You regenerate a little health from kills. [demonic ancestry]
  3204 | D:3      | Reached XP level 5. HP: 37/38 MP: 6/6
  3709 | D:4      | Reached skill level 5 in Unarmed Combat
  3776 | D:4      | Found a staircase to the Ecumenical Temple.
  3800 | Temple   | Entered the Ecumenical Temple
  3962 | D:4      | Noticed Vajrapani's ghost (amateur DEAs)
  3985 | D:4      | Killed Vajrapani's ghost
  3985 | D:4      | Gained mutation: You have hoof-like feet. [demonic ancestry]
  3985 | D:4      | Reached XP level 6. HP: 43/44 MP: 7/7
  3997 | D:4      | Found a burning altar of Makhleb.
  3999 | D:4      | Noticed a balrug
  4483 | D:5      | Entered Level 5 of the Dungeon
  4490 | D:5      | Found a shadowy altar of Dithmenos.
  4510 | D:5      | Became a worshipper of Dithmenos the Shadowed
  4791 | D:5      | Reached skill level 6 in Unarmed Combat
  6036 | D:5      | Reached XP level 7. HP: 35/50 MP: 8/8
  6143 | D:5      | Noticed Gravenous's ghost (novice HOMo)
  6203 | D:5      | Killed Gravenous's ghost
  6203 | D:5      | Reached skill level 7 in Unarmed Combat
  7110 | D:6      | Found a sand-covered staircase.
  7131 | Ossuary  | Entered an ossuary
  7183 | Ossuary  | Reached * piety under Dithmenos
  7255 | Ossuary  | Reached skill level 8 in Unarmed Combat
  7717 | D:6      | Found a hazy altar of Hepliaklqana.
  7717 | D:6      | Found a basalt altar of Yredelemnul.
  7779 | D:6      | Gained mutation: Your flesh is heat resistant. (rF+) [demonic ancestry]
  7779 | D:6      | Reached XP level 8. HP: 51/56 MP: 9/9
  7899 | D:6      | Noticed Hasart's ghost (novice BaIE)
  7946 | D:6      | Reached skill level 9 in Unarmed Combat
  8177 | D:6      | Found a deep blue altar of Sif Muna.
  8243 | D:6      | Killed Hasart's ghost
  8780 | D:7      | Noticed a hippogriff
  9131 | D:7      | Reached ** piety under Dithmenos
  9272 | D:7      | Reached XP level 9. HP: 36/61 MP: 10/10
  9289 | D:7      | Noticed Pikel
  9324 | D:7      | Killed Pikel
  9324 | D:7      | Reached skill level 10 in Unarmed Combat
  9358 | D:7      | Found an iron altar of Okawaru.
  9385 | D:7      | Reached skill level 5 in Dodging
  9552 | D:7      | Got a scorched scale mail
  9563 | D:7      | Identified the +3 scale mail of Perfidy {-Tele Str+6 SInv} (You found it on level 7 of the Dungeon)
  9727 | D:7      | Found a blossoming altar of Fedhas.
  9740 | D:7      | Found an opulent altar of Gozag.
 10087 | D:8      | Noticed a two-headed ogre
 10092 | D:8      | Killed a two-headed ogre
 10122 | D:7      | Reached skill level 11 in Unarmed Combat
 10521 | D:8      | Noticed a queen bee
 10807 | D:8      | Killed a queen bee
 10965 | D:8      | Gained mutation: When seriously injured, your bleeding wounds create armour. (AC +0) [demonic ancestry]
 10965 | D:8      | Reached XP level 10. HP: 57/71 MP: 11/11
 11426 | D:8      | Noticed a two-headed ogre
 11718 | D:8      | Killed a two-headed ogre
 11870 | D:8      | Reached *** piety under Dithmenos
 11871 | D:8      | Found a stormy altar of Qazlal.
 12195 | D:8      | Reached skill level 5 in Fighting
 12195 | D:8      | Reached skill level 12 in Unarmed Combat
 12440 | D:8      | Found a staircase to the Lair.
 12668 | D:9      | Noticed a two-headed ogre
 12935 | D:9      | Got a smoking cloak
 12941 | D:9      | Identified the +2 cloak of the Manifold Coins {Str+6} (You found it on level 9 of the Dungeon)
 13334 | D:9      | Noticed a two-headed ogre
 13391 | D:10     | Entered Level 10 of the Dungeon
 13545 | D:10     | Found Rudiar's Distillery.
 13554 | D:10     | Bought a potion of lignification for 45 gold pieces
 13554 | D:10     | Bought a potion of might for 60 gold pieces
 13554 | D:10     | Bought a potion of agility for 60 gold pieces
 13554 | D:10     | Bought a potion of resistance for 150 gold pieces
 13963 | D:10     | Found a staircase to the Orcish Mines.
 14080 | D:10     | Reached **** piety under Dithmenos
 14505 | D:11     | Reached XP level 11. HP: 83/83 MP: 4/12
 14547 | D:11     | Reached skill level 13 in Unarmed Combat
 15424 | D:11     | Killed an unseen horror
 15582 | D:11     | Learned a level 2 spell: Blink
 15586 | D:11     | Learned a level 3 spell: Confuse
 15590 | D:11     | Learned a level 3 spell: Regeneration
 15989 | Lair:1   | Entered Level 1 of the Lair of Beasts
 16175 | Lair:1   | Reached ***** piety under Dithmenos
 16452 | Lair:1   | Reached skill level 14 in Unarmed Combat
 16499 | Lair:1   | Found an ancient bone altar of Kikubaaqudgha.
 17039 | Lair:1   | Noticed a seven-headed hydra
 17051 | Lair:1   | Killed a seven-headed hydra
 17337 | Lair:2   | Noticed Erica
 17341 | Lair:2   | Found a frozen archway.
 17357 | Lair:2   | Killed Erica
 17376 | IceCv    | Entered an ice cave
 17376 | IceCv    | Noticed a white ugly thing
 17377 | IceCv    | Found a transporter.
 17394 | IceCv    | Killed a white ugly thing
 17394 | IceCv    | Gained mutation: You are immune to clouds of flame. [demonic ancestry]
 17394 | IceCv    | Reached XP level 12. HP: 81/92 MP: 13/13
 17649 | Lair:2   | Found a hole to the Spider Nest.
 17675 | Lair:2   | Identified a scroll of acquirement
 17676 | Lair:2   | Got a scorched scarf
 17687 | Lair:2   | Identified the scarf of Watchfulness {rF+ Slay+3} (You acquired it on level 2 of the Lair of Beasts)
 17804 | Lair:2   | Noticed a catoblepas
 18306 | Lair:2   | Learned a level 3 spell: Tukima's Dance
 18422 | Lair:2   | Killed a catoblepas
 18422 | Lair:2   | Reached skill level 15 in Unarmed Combat
 18692 | Lair:2   | Found a staircase to the Shoals.
 18830 | Lair:3   | Noticed an eight-headed hydra
 18841 | Lair:3   | Killed an eight-headed hydra
 19773 | Lair:4   | Noticed a five-headed hydra
 19781 | Lair:4   | Killed a five-headed hydra
 20410 | Lair:5   | Gained mutation: When seriously injured, your bleeding wounds create thick armour. (AC +0) [demonic ancestry]
 20410 | Lair:5   | Reached XP level 13. HP: 98/98 MP: 14/14
 20416 | Lair:5   | Reached skill level 16 in Unarmed Combat
 20763 | Lair:5   | Reached skill level 1 in Shields
 20787 | Lair:5   | Noticed Nessos
 20837 | Lair:5   | Killed Nessos
 21207 | Lair:5   | Reached ****** piety under Dithmenos
 21361 | Lair:6   | Entered Level 6 of the Lair of Beasts
 21403 | Lair:6   | Reached skill level 1 in Charms
 21403 | Lair:6   | Reached skill level 1 in Necromancy
 21467 | Lair:6   | Reached skill level 1 in Spellcasting
 22035 | Lair:6   | Reached skill level 5 in Necromancy
 22141 | Lair:6   | Paralysed by a hornet for 2 turns
 22256 | Lair:6   | Reached skill level 5 in Charms
 22654 | Lair:6   | Gained mutation: You regenerate health from kills. [demonic ancestry]
 22654 | Lair:6   | Reached XP level 14. HP: 75/105 MP: 17/19
 22829 | Lair:6   | Found a staircase to the Slime Pits.
 24105 | Orc:1    | Entered Level 1 of the Orcish Mines
 24302 | Orc:1    | Found Iqyurr's Distillery.
 24311 | Orc:1    | Bought a potion of might for 48 gold pieces
 24311 | Orc:1    | Bought 2 potions of might for 96 gold pieces
 24311 | Orc:1    | Bought 2 potions of heal wounds for 120 gold pieces
 24311 | Orc:1    | Bought a potion of heal wounds for 60 gold pieces
 24497 | Orc:1    | Reached skill level 1 in Translocations
 24522 | Orc:2    | Entered Level 2 of the Orcish Mines
 24522 | Orc:2    | Found a staircase to the Elven Halls.
 24904 | Orc:2    | Noticed an orc warlord
 24951 | Orc:1    | Killed an orc warlord
 25432 | Orc:2    | Found Plog's General Store.
 25433 | Orc:2    | Found Niheun's Book Boutique.
 25434 | Orc:2    | Found Qang's Antique Armour Shop.
 25434 | Orc:2    | Found Xeanexat's Antique Weapon Shop.
 25439 | Orc:2    | Bought a transparent arbalest for 275 gold pieces
 25511 | Orc:2    | Bought a book of Death for 840 gold pieces
 25784 | Lair:1   | Learned a level 4 spell: Animate Dead
 25850 | Spider:1 | Entered Level 1 of the Spider Nest
 25859 | Spider:1 | Reached skill level 17 in Unarmed Combat
 25890 | Spider:1 | Noticed Louise
 26052 | Spider:1 | Reached skill level 1 in Hexes
 26550 | Spider:1 | Noticed an entropy weaver
 26589 | Spider:1 | Killed an entropy weaver
 26904 | Spider:1 | Noticed Josephine
 26933 | Spider:1 | Killed Josephine
 27104 | Spider:1 | Reached XP level 15. HP: 94/115 MP: 11/21
 27653 | Spider:2 | Noticed Aizul
 27682 | Spider:2 | Killed Aizul
 27705 | Spider:2 | Noticed Donald
 27726 | Spider:2 | HP: 2/172 [Donald/war axe of electrocution (11)]
 27728 | Spider:2 | Mangled by Donald

Skill      XL: |  1  2  3  4  5  6  7  8  9 10 11 12 13 14 15 |
---------------+----------------------------------------------+-----
Unarmed Combat | 2 3 4 5 6 8 9 11 12 14 15 16 17 | 17.2
Dodging        | 4 5 6 8 |  8.5
Fighting       | 3 6 8 9 |  9.9
Armour         | 3 4 |  4.0
Shields        | 4 |  4.1
Charms         | 5 6 |  6.1
Necromancy     | 6 |  6.6
Spellcasting   | 3 4 |  4.0
Translocations | 3 |  3.2
Hexes          | 3 4 |  4.3
Maces & Flails | |  1.7
Evocations     | |  2.0

Action                   |  1- 3 |  4- 6 |  7- 9 | 10-12 | 13-15 || total
-------------------------+-------+-------+-------+-------+-------++-------
Melee: Dagger            |    77 |       |       |       |       ||    77
       Unarmed           |   112 |   363 |   449 |   870 |  1425 ||  3219
       Punch             |     2 |     7 |    15 |    64 |     7 ||    95
Throw: Stone             |     3 |    11 |     8 |     3 |     4 ||    29
       Javelin           |       |     3 |     5 |     4 |       ||    12
 Cast: Regeneration      |       |       |       |       |    66 ||    66
       Blink             |       |       |       |       |     2 ||     2
       Animate Dead      |       |       |       |       |    10 ||    10
Evoke: Phial of floods   |     1 |     1 |     1 |       |     2 ||     5
       Wand              |       |       |       |     2 |     5 ||     7
  Use: Scroll            |     1 |     5 |     6 |    15 |    12 ||    39
       Potion            |       |       |     1 |     4 |    14 ||    19
 Stab: Sleeping          |     2 |       |     1 |    17 |     3 ||    23
       Distracted        |       |       |     5 |     9 |    14 ||    28
       Invisible         |       |       |       |       |     3 ||     3
  Eat: Chunk             |     4 |    13 |     6 |    20 |    20 ||    63
       Meat ration       |       |       |     1 |       |       ||     1
       Royal jelly       |       |       |     3 |       |     5 ||     8
       Bread ration      |       |       |       |     1 |       ||     1
       Fruit             |       |       |       |     9 |     3 ||    12
Armor: Robe              |    35 |    77 |    77 |     8 |       ||   197
       Steam dragon scal |       |       |       |   191 |   333 ||   524
       Skin              |       |       |       |       |     1 ||     1
Dodge: Dodged            |   122 |   155 |   336 |   576 |  1180 ||  2369
Block: Buckler           |       |       |       |       |   399 ||   399
